 Dungeon Crawl Stone Soup version 0.20-a0-681-gf83e07f (webtiles) character file.

25450 polly the Severer (level 12, -1/123 HPs)
             Began as a Minotaur Berserker on Feb 19, 2017.
             Was a High Priest of Trog.
             Succumbed to barbed spike wounds
             ... on level 14 of the Dungeon.
             The game lasted 00:24:22 (13706 turns).

polly the Severer (Minotaur Berserker)             Turns: 13706, Time: 00:24:23

Health: -1/123     AC: 18    Str: 25    XL:     12   Next: 89%
Magic:  3/3        EV: 13    Int:  4    God:    Trog [*****.]
Gold:   564        SH:  0    Dex: 14    Spells: 11/11 levels left

rFire    . . .     SeeInvis .   y - +1 executioner's axe (antimagic)
rCold    . . .     Gourm    .   m - +0 plate armour
rNeg     . . .     Faith    .   (shield currently unavailable)
rPois    .         Spirit   .   (helmet restricted)
rElec    .         Reflect  .   I - +0 cloak
rCorr    .         Harm     .   r - +0 pair of gloves
MR       .....                  (no boots)
Stlth    ..........             (no amulet)
Regen    0.3/turn               (no ring)
MPRegen  0.1/turn               i - +3 ring of evasion

@: exhausted, marked, barbed spikes, slowed, very slow
A: retaliatory headbutt, horns 2, agile 1, mutation resistance 1, robust 1
a: Berserk, Trog's Hand, Brothers in Arms, Burn Spellbooks, Renounce Religion


You were on level 14 of the Dungeon.
You worshipped Trog.
Trog was extremely pleased with you.
You were hungry.

You visited 1 branch of the dungeon, and saw 14 of its levels.

You collected 631 gold pieces.
You spent 67 gold pieces at shops.

Inventory:

Hand Weapons
 y - a +1 antimagic executioner's axe (weapon)
Armour
 m - a +0 plate armour (worn)
 r - a +0 pair of gloves (worn)
 I - a +0 cloak (worn)
Jewellery
 i - a +3 ring of evasion (left hand)
Wands
 b - a wand of digging (16/24)
 v - a wand of disintegration (1/24)
 C - a wand of random effects (31/48)
 G - a wand of paralysis (13/24)
Scrolls
 d - 5 scrolls of teleportation
 e - 3 scrolls of enchant weapon {unknown}
 g - 12 scrolls of identify
 n - 4 scrolls of blinking {unknown}
 o - 2 scrolls of random uselessness {unknown}
 s - 10 scrolls of remove curse
 u - 2 scrolls of recharging {unknown}
 x - 3 scrolls of immolation {unknown}
 A - a scroll of fog {unknown}
Potions
 a - 2 potions of lignification {unknown}
 f - 2 potions of brilliance
 j - 3 potions of curing
 k - 2 potions of haste
 p - 2 potions of resistance
 q - a potion of invisibility {unknown}
 t - a potion of might
 w - 2 potions of agility
 z - a potion of degeneration {unknown}
 B - 2 potions of flight {unknown}
 D - a potion of magic {unknown}
 E - a potion of mutation {unknown}
Comestibles
 c - 10 bread rations
 h - 4 meat rations


   Skills:
 + Level 12.1 Fighting
 + Level 17.9 Axes
 + Level 12.7 Armour
 + Level 4.1 Dodging
 + Level 1.5 Stealth
 + Level 0.5 Evocations


You had 11 spell levels left.
You didn't know any spells.

Dungeon Overview and Level Annotations

Branches:
Dungeon (14/15)            Temple (0/1) D:7            Lair (0/6) D:10
    Orc (0/2) D:11
 Vaults: D:13-14

Altars:
Cheibriados
Okawaru
Qazlal
Zin

Shops:
D:8 ?   D:10 ([%   D:11 [

Portals:
Trove: D:10 (give +6 ice dragon scales)


Innate Abilities, Weirdness & Mutations

You reflexively headbutt those who attack you in melee.
You have a pair of horns on your head.
You are agile. (Dex +2)
You are somewhat resistant to further mutation.
You are robust. (+10% HP)


Message History

You feel yourself slow down.
You climb downwards.
A phantasmal warrior comes into view.
Found 13 bolts.
There is a stone staircase leading up here.
You're too hungry.
You eat the royal jelly.
That royal jelly was delicious!
The phantasmal warrior blinks!
Your troll goes berserk!
You are feeling hungry.
The barbed spikes dig painfully into your body as you move.
* * * LOW HITPOINT WARNING * * *
Your troll bites the phantasmal warrior.
Your troll closely misses the phantasmal warrior.
Your troll claws the phantasmal warrior but does no damage.
The phantasmal warrior blinks!
You hear a shout! x2
You swap places.
The barbed spikes dig painfully into your body as you move.
You die...

. .. #..
#... #....
#.....#####
..(...ยง@TW#
.##########


You could see a phantasmal warrior and a friendly troll (berserk).

Vanquished Creatures
  Josephine (D:11)
  An ogre mage (D:10)
  A hydra (D:12)
  A death knight (D:10)
  Erica (D:11)
  5 two-headed ogres
  Sonja (D:11)
  Nergalle (D:10)
  A skeletal warrior (D:11)
  An unseen horror (D:13)
  A phantasmal warrior (D:11)
  An ugly thing (D:12)
  A manticore (D:12)
  A yaktaur (shapeshifter) (D:13)
  A freezing wraith (D:11)
  A meliai (shapeshifter) (D:13)
  Grinder (D:3)
  A wolf spider simulacrum (D:12)
  5 trolls
  Prince Ribbit (D:5)
  A hornet (D:12)
  3 hippogriffs
  Sigmund (D:5)
  A centaur simulacrum (D:12)
  A shadow (D:12)
  15 yaks
  4 wraiths (D:11)
  Grum (D:11)
  2 hungry ghosts
  2 vampire mosquitoes (D:12)
  Duvessa (D:5)
  2 porcupines (D:10)
  A water moccasin (D:13)
  5 orc warriors
  2 black bears (D:10)
  6 sky beasts
  2 phantoms
  10 ice beasts
  A necrophage (D:5)
  8 ogres
  5 wolves
  5 centaurs
  2 big kobolds
  4 crocodiles (D:10)
  A wyvern zombie (D:6)
  11 bullfrogs
  Dowan (D:5)
  A wyvern skeleton (D:9)
  A scorpion (D:8)
  6 killer bees (D:8)
  3 howler monkeys
  8 wights
  An electric eel (D:12)
  7 crimson imps
  3 jellies
  A quasit (D:11)
  5 hounds
  A bullfrog zombie (D:7)
  A gnoll shaman (D:10)
  9 orc priests
  15 orc wizards
  3 bullfrog skeletons
  Terence (D:3)
  Jessica (D:3)
  2 centaur skeletons
  An iguana (D:9)
  Ijyb (D:3)
  11 worker ants
  2 bullfrog simulacra (D:12)
  2 hound skeletons
  A howler monkey zombie (D:10)
  2 worker ant zombies
  19 gnolls
  10 adders
  A shadow imp (D:5)
  A white imp (D:12)
  2 oozes (D:2)
  An adder zombie (D:8)
  2 worms
  8 dart slugs
  6 leopard geckos
  40 orcs
  14 giant cockroaches
  5 goblins
  7 hobgoblins
  20 jackals
  13 kobolds
  A quokka (D:3)
  12 bats
  5 frilled lizards
  2 leopard gecko skeletons
  6 rats
390 creatures vanquished.

Vanquished Creatures (others)
  7 fungi (D:10)
  A plant (D:10)
8 creatures vanquished.

Grand Total: 398 creatures vanquished

Notes
Turn   | Place    | Note
-------+----------+-------------------------------------------
     0 | D:1      | polly the Minotaur Berserker began the quest for the Orb.
     0 | D:1      | Reached XP level 1. HP: 19/19 MP: 0/0
   127 | D:1      | Reached skill level 4 in Axes
   331 | D:1      | Reached XP level 2. HP: 17/27 MP: 1/1
   525 | D:1      | Reached XP level 3. HP: 31/33 MP: 2/2
   531 | D:1      | Reached ** piety under Trog
   538 | D:1      | You fall through a shaft!
  1301 | D:2      | Reached XP level 4. HP: 39/40 MP: 3/3
  1421 | D:2      | Reached skill level 5 in Axes
  1789 | D:3      | Noticed Terence
  1795 | D:3      | Killed Terence
  1795 | D:3      | Reached *** piety under Trog
  1795 | D:3      | Reached XP level 5. HP: 42/47 MP: 4/4
  1837 | D:3      | Noticed Grinder
  1838 | D:3      | Paralysed by Grinder for 7 turns
  1863 | D:3      | Noticed Jessica
  2122 | D:2      | Noticed an ice beast
  2130 | D:2      | Killed an ice beast
  2130 | D:2      | Reached skill level 6 in Axes
  2349 | D:3      | Killed Jessica
  2349 | D:3      | Reached XP level 6. HP: 53/53 MP: 5/5
  2474 | D:3      | Killed Grinder
  2474 | D:3      | Reached skill level 5 in Fighting
  2474 | D:3      | Reached skill level 7 in Axes
  2709 | D:3      | Noticed Ijyb
  2717 | D:3      | Killed Ijyb
  2717 | D:3      | Reached XP level 7. HP: 37/61 MP: 6/6
  2973 | D:4      | Reached skill level 5 in Armour
  3288 | D:4      | Reached **** piety under Trog
  3577 | D:5      | Entered Level 5 of the Dungeon
  3651 | D:5      | Reached skill level 8 in Axes
  3772 | D:5      | Gained mutation: You are robust. (+10% HP) [mutagenic meat]
  3773 | D:5      | Gained mutation: You are agile. (Dex +2) [mutagenic meat]
  3774 | D:5      | Gained mutation: You are somewhat resistant to further mutation. [mutagenic meat]
  3912 | D:5      | Reached XP level 8. HP: 36/77 MP: 7/7
  4154 | D:5      | Reached skill level 9 in Axes
  4282 | D:5      | Noticed Dowan
  4284 | D:5      | Noticed Duvessa
  4299 | D:5      | Killed Duvessa
  4315 | D:5      | Noticed Prince Ribbit
  4339 | D:5      | Killed Dowan
  4343 | D:5      | Killed Prince Ribbit
  4343 | D:5      | Reached skill level 10 in Axes
  4368 | D:5      | Found an iron altar of Okawaru.
  4422 | D:5      | Noticed Sigmund
  4452 | D:5      | Killed Sigmund
  4829 | D:5      | Reached XP level 9. HP: 84/84 MP: 8/8
  5149 | D:6      | HP: 1/126 [orc warrior/battleaxe (12)]
  5151 | D:6      | Reached ***** piety under Trog
  5189 | D:6      | HP: 4/84 [worker ant (1)]
  6048 | D:7      | Reached skill level 11 in Axes
  6052 | D:7      | Found a staircase to the Ecumenical Temple.
  6206 | D:7      | Reached skill level 1 in Stealth
  6880 | D:8      | Found Xeinob's Magic Scroll Boutique.
  7213 | D:8      | Reached skill level 12 in Axes
  7308 | D:8      | Reached XP level 10. HP: 83/99 MP: 9/9
  7376 | D:8      | Noticed a two-headed ogre
  7381 | D:8      | Killed a two-headed ogre
  7688 | D:8      | Reached skill level 10 in Armour
  8290 | D:9      | Reached skill level 13 in Axes
  8835 | D:9      | Found a stormy altar of Qazlal.
  8841 | D:9      | Found a snail-covered altar of Cheibriados.
  8844 | D:9      | Found a glowing silver altar of Zin.
  8907 | D:10     | Entered Level 10 of the Dungeon
  8913 | D:10     | Received a gift from Trog
  8941 | D:10     | Found Joler's Armour Boutique.
  8979 | D:10     | Found Uphul's Food Shop.
  9014 | D:10     | Found a portal to a secret trove of treasure.
  9160 | D:10     | Reached skill level 14 in Axes
  9178 | D:10     | Noticed a two-headed ogre
  9182 | D:10     | Killed a two-headed ogre
  9192 | D:10     | Noticed Nergalle
  9208 | D:10     | Killed Nergalle
  9208 | D:10     | Reached XP level 11. HP: 95/108 MP: 10/10
  9223 | D:10     | Found a staircase to the Lair.
  9489 | D:10     | Reached skill level 10 in Fighting
  9531 | D:10     | Noticed an ogre mage
  9531 | D:10     | Noticed a two-headed ogre
  9531 | D:10     | Noticed a two-headed ogre
  9531 | D:10     | Noticed a two-headed ogre
  9537 | D:10     | Killed a two-headed ogre
  9540 | D:10     | Killed an ogre mage
  9540 | D:10     | Reached skill level 15 in Axes
  9543 | D:10     | Killed a two-headed ogre
  9547 | D:10     | Killed a two-headed ogre
  9828 | D:10     | Found Ywkiddus's Antique Weapon Boutique.
  9928 | D:11     | Noticed Erica
  9937 | D:11     | Killed Erica
 10026 | D:11     | Noticed Sonja
 10041 | D:11     | Killed Sonja
 10041 | D:11     | Reached skill level 16 in Axes
 10460 | D:11     | Found Kist's Armour Shoppe.
 10485 | D:11     | Received a gift from Trog
 10533 | D:11     | Found a staircase to the Orcish Mines.
 10554 | D:11     | Bought a +0 pair of gloves for 67 gold pieces
 10762 | D:11     | Noticed Josephine
 10772 | D:11     | Killed Josephine
 10772 | D:11     | Reached XP level 12. HP: 82/121 MP: 3/11
 10969 | D:11     | Noticed a death knight
 10969 | D:11     | Noticed Grum
 11513 | D:10     | Killed a death knight
 11857 | D:11     | Reached skill level 17 in Axes
 11860 | D:11     | Killed Grum
 12654 | D:12     | Noticed a five-headed hydra
 12666 | D:12     | Killed an eight-headed hydra
 12999 | D:12     | Paralysed by a big kobold for 2 turns
 13318 | D:12     | Reached ****** piety under Trog
 13583 | D:13     | Found a stormy altar of Qazlal.
 13592 | D:13     | Received a gift from Trog
 13680 | D:13     | Noticed a two-headed ogre
 13694 | D:13     | Noticed a four-headed hydra
 13700 | D:13     | HP: 2/184 [barbs]
 13705 | D:14     | HP: 2/123 [barbs]
 13706 | D:14     | Succumbed to barbed spike wounds

Vault maps used:
D:1:      dpeg_arrival_pits
D:2:      first_bread, minmay_vboxes
D:3:      uniq_iyjb, uniq_terence, uniq_grinder, uniq_jessica
D:5:      okawaru_trees_2, uniq_sigmund, uniq_duvessa, uniq_prince_ribbit1
D:6:      kennysheep_generic_room_6
D:7:      minmay_temple_entry_trees, grunt_ogre_cave
D:8:      serial_shops, nicolae_shop_crystal
D:9:      minmay_overflow_temple_star_quad
D:10:     due_lair_maze_entry_diamond, nicolae_trove_entry_crystal,
          serial_shops, nicolae_shop_behind_doors, kennysheep_mini_moat, shop,
          uniq_nergalle
D:11:     orc_0_dummy, serial_shops, shop, uniq_josephine, uniq_sonja,
          uniq_erica, uniq_grum
D:12:     serial_ice, serial_ice_c, serial_ice_e, serial_ice_j, serial_ice_f,
          nicolae_two_hexagons
D:13:     david_vaults_2, grunt_qazlal_sundering
D:14:     nicolae_water_bricks, guppyfry_shop_blood, uniq_louise

Skill      XL: |  1  2  3  4  5  6  7  8  9 10 11 12 |
---------------+-------------------------------------+-----
Axes           | 4 5 6 7 8 10 12 14 16 17 | 17.9
Fighting       | 4 5 6 8 9 11 12 | 12.1
Armour         | 3 4 6 7 9 10 11 12 | 12.7
Dodging        | 3 4 |  4.1
Stealth        | 1 |  1.5
Evocations     | |  0.5

Action                   |  1- 3 |  4- 6 |  7- 9 | 10-12 || total
-------------------------+-------+-------+-------+-------++-------
Melee: Hand axe          |    65 |   107 |   259 |       ||   431
       Headbutt          |    11 |    17 |    81 |   120 ||   229
       Battleaxe         |       |       |   129 |   252 ||   381
       Executioner's axe |       |       |       |   231 ||   231
Invok: Berserk           |       |     3 |     6 |     7 ||    16
       Burn Spellbooks   |       |       |       |     1 ||     1
       Brothers in Arms  |       |       |       |     1 ||     1
Evoke: Wand              |       |       |       |     7 ||     7
  Use: Scroll            |     4 |     1 |     6 |     2 ||    13
       Potion            |       |     1 |     2 |     3 ||     6
  Eat: Chunk             |       |     5 |    19 |    15 ||    39
       Royal jelly       |       |     1 |     2 |     3 ||     6
       Fruit             |       |       |     1 |       ||     1
       Meat ration       |       |       |       |     1 ||     1
       Bread ration      |       |       |       |     1 ||     1
Armor: Animal skin       |     1 |       |       |       ||     1
       Ring mail         |     7 |       |       |       ||     7
       Plate armour      |    11 |    80 |   216 |   335 ||   642
Dodge: Dodged            |    39 |    53 |   144 |   345 ||   581
